 Dungeon Crawl Stone Soup version 0.26-a0-52-gd53d4cd058 (webtiles) character file.

Game seed: 12836987693257166203

55340 sanka the Frost Mage (level 14, -14/120 HPs)
             Began as a Barachi Ice Elementalist on June 6, 2020.
             Was a High Priest of Vehumet.
             Demolished by a komodo dragon (22 damage)
             ... on level 6 of the Lair of Beasts.
             The game lasted 01:02:39 (26327 turns).

sanka the Frost Mage (Barachi Ice Elementalist)    Turns: 26327, Time: 01:02:39

Health: -14/120    AC: 11    Str: 10    XL:     14   Next: 76%
Magic:  3/26       EV: 21    Int: 25    God:    Vehumet [*****.]
Gold:   1191       SH:  0    Dex: 14    Spells: 14/29 levels left

rFire    x . .     SeeInvis .   a - staff of cold
rCold    + + .     Gourm    .   (no shield)
rNeg     . . .     Faith    .   S - +1 steam dragon scales
rPois    .         Spirit   .   T - +0 helmet
rElec    .         Reflect  .   l - +2 cloak {rCorr}
rCorr    +         Harm     .   (no gloves)
MR       +....                  C - +0 pair of boots
Stlth    ++........             (no amulet)
HPRegen  0.30/turn              D - +6 ring of intelligence
MPRegen  0.20/turn              U - ring of ice

@: frozen ramparts, slow
A: +LOS, swims, slowness 1, strong legs 2
a: Hop, Renounce Religion


You were on level 6 of the Lair of Beasts.
You worshipped Vehumet.
Vehumet was extremely pleased with you.
You were hungry.

You visited 3 branches of the dungeon, and saw 18 of its levels.
You also visited: Volcano.

You collected 1191 gold pieces.


Innate Abilities, Weirdness & Mutations

You can be seen from farther away. (+LOS)
You can swim through water.
You cover ground slowly.
You can hop long distances.


   Skills:
 + Level 14.2 Fighting
 * Level 11.1 Staves
 + Level 13.4 Dodging
 - Level 1.7 Stealth
 - Level 8.0 Spellcasting
 - Level 4.0 Conjurations
 - Level 4.0 Summonings
 + Level 14.4 Ice Magic
 - Level 5.0 Evocations


You had 14 spell levels left.
You knew the following spells:

 Your Spells              Type           Power        Failure   Level  Hunger
a - Ozocubu's Armour      Chrm/Ice       #######.     1%          3    None
u - Hailstorm             Conj/Ice       #######.     1%          4    ##.....
x - Summon Ice Beast      Ice/Summ       #######.     1%          4    ##.....
y - Frozen Ramparts       Ice            ######       1%          3    None
z - Freeze                Ice            ####         0%          1    None

Your spell library contained the following spells:

 Spells                   Type           Power        Failure   Level  Hunger
 Sticky Flame             Conj/Fire      ###.....     7%          4    ##.....
 Iskenderun's Battlesphe  Conj/Chrm      ###.....     19%         5    ####...
 Bolt of Magma            Conj/Fire/Erth ###.......   24%         5    ####...
 Iron Shot                Conj/Erth      ###.......   67%         6    ######.
 Orb of Destruction       Conj           ####......   90%         7    #######
 Spellforged Servitor     Conj/Summ      ####......   90%         7    #######

Inventory:

Hand Weapons
 J - the +8 demon trident "Rift" {distort, reach+}

   It warps and distorts space around it.
   Unwielding it can cause banishment or high damage.
 L - a +4 quarterstaff of chaos
Missiles
 e - 399 stones (quivered)
 A - a throwing net {=f}
 E - 10 curare-tipped darts {=f}
Armour
 l - a +2 cloak of preservation (worn)
 C - a +0 pair of boots (worn)
 S - +1 steam dragon scales (worn)
 T - a +0 helmet (worn)
Magical Staves
 a - an uncursed staff of cold (weapon)
 b - an uncursed staff of wizardry {!a}
Jewellery
 D - a +6 ring of intelligence (left hand)
 G - an uncursed ring of protection from magic
 U - a ring of ice (right hand)
Wands
 k - a wand of random effects (4)
 r - a wand of disintegration (15)
 v - a wand of polymorph (21)
 y - a wand of iceblast (13)
 H - a wand of flame (19)
 M - a wand of digging (3)
 O - a wand of paralysis (23)
Scrolls
 h - 4 scrolls of amnesia
 i - 9 scrolls of remove curse
 m - a scroll of silence {!r}
 p - 7 scrolls of teleportation {@r4}
 s - 2 scrolls of identify {@r1}
 u - 2 scrolls of enchant armour
 w - 3 scrolls of fear
 x - a scroll of blinking
 I - 5 scrolls of magic mapping
 P - 4 scrolls of enchant weapon
 Q - a scroll of holy word
Potions
 d - 2 potions of berserk rage {unknown}
 f - a potion of resistance {unknown}
 g - 3 potions of lignification {!q}
 j - 2 potions of mutation {unknown}
 n - 5 potions of heal wounds {@q2}
 o - 3 potions of degeneration {unknown}
 q - 2 potions of brilliance {unknown}
 t - a potion of haste {unknown}
 z - 2 potions of ambrosia {unknown}
 B - 2 potions of stabbing {unknown}
 F - 6 potions of curing {@q1}
 K - 2 potions of flight
 N - 3 potions of cancellation {unknown}
 R - a potion of invisibility {unknown}
 W - a potion of might
Comestibles
 c - 33 rations
 V - 5 chunks of flesh

Dungeon Overview and Level Annotations

Branches:
Dungeon (11/15)            Temple (1/1) D:4            Lair (6/6) D:10
  Swamp (0/4) Lair:2        Snake (0/4) Lair:2          Orc (0/2) D:9
Volcano (visited)
  Slime: Lair:5-6

Altars:
Ashenzari
Cheibriados
Dithmenos
Elyvilon
Fedhas
Gozag
Hepliaklqana
Kikubaaqudgha
Makhleb
Nemelex Xobeh
Okawaru
Qazlal
Ru
Sif Muna
Trog
Uskayaw
Vehumet
Wu Jian
Xom
Yredelemnul
Zin
The Shining One

Shops:
D:4 }   D:6 }

Portals:
Abyss: Lair:4

................≈≈≈≈≈......
f▒....▒.........≈≈≈≈≈...... ▒...
...............≈≈≈≈≈...... ▒...
▒....▒........≈≈≈≈≈...... .f..
▒............≈≈≈≈≈...... .▒▒.P▒
▒▒............≈≈÷≈≈......
......▒▒.......Y.Y.........P....
............▒.YlYt........PPP...
..........(..▒▒FYY.ff...▒▒.P....
...........÷▒▒▒▒...▒▒..f▒▒......
............▒ ▒....▒...▒▒..▒..▒
.............▒▒▒▒..▒...▒▒...▒...
.............P▒P.......f........
................................
...H..........PP................
................................
...............P................


You could see 3 elephants, a komodo dragon (slow), a crocodile (slow) and 3
friendly ice beasts.


Message History

The elephant trunk-slaps your ice beast.
Your ice beast barely misses the elephant.
Your ice beast hits the elephant.
Your ice beast freezes the elephant!
You hit the elephant. You freeze the elephant.
You kill the elephant!
Vehumet accepts your kill.
Unknown command.
You hit the elephant but do no damage. You freeze the elephant.
The elephant is moderately wounded.
Your ice beast hits the crocodile.
Your ice beast freezes the crocodile!!
The crocodile seems to slow down.
The elephant trunk-slaps your ice beast but does no damage.
The wall freezes the elephant!
The elephant closely misses you. The elephant trunk-slaps you.
* * * LOW HITPOINT WARNING * * *
The elephant tramples your ice beast!
The elephant trunk-slaps your ice beast.
Your ice beast hits the komodo dragon but does no damage.
Your ice beast hits the elephant.
Your ice beast freezes the elephant!
The wall freezes the komodo dragon!
The komodo dragon seems to slow down.
The komodo dragon hisses menacingly.
The komodo dragon bites you!!
You die...

Action                   |  1- 3 |  4- 6 |  7- 9 | 10-12 | 13-15 || total
-------------------------+-------+-------+-------+-------+-------++-------
Melee: Whip              |    13 |       |       |       |       ||    13
       Quarterstaff      |       |       |   114 |   120 |       ||   234
       Staff             |       |       |       |     7 |   154 ||   161
Throw: Stone             |       |     2 |     1 |     6 |       ||     9
 Cast: Freeze            |    45 |    33 |   130 |   295 |   330 ||   833
       Frozen Ramparts   |     2 |     9 |    24 |    51 |    53 ||   139
       Ozocubu's Armour  |       |       |     8 |    42 |    45 ||    95
       Summon Ice Beast  |       |       |     2 |    13 |    17 ||    32
       Hailstorm         |       |       |       |    21 |    16 ||    37
 Abil: Hop               |     1 |       |       |     3 |     2 ||     6
Evoke: Wand              |       |       |       |     3 |    21 ||    24
  Use: Potion            |     1 |       |       |     3 |     2 ||     6
       Scroll            |       |       |    12 |     7 |     4 ||    23
 Stab: Sleeping          |       |       |     3 |       |       ||     3
       Paralysed         |       |       |     2 |     4 |       ||     6
       Petrified         |       |       |       |     2 |       ||     2
  Eat: Chunk             |     1 |     7 |    24 |    24 |    17 ||    73
       Ration            |       |       |       |     2 |     3 ||     5
Armor: Robe              |     7 |     3 |    52 |    10 |       ||    72
       Leather armour    |       |       |       |    98 |       ||    98
       Steam dragon scal |       |       |       |    29 |   168 ||   197
Dodge: Dodged            |    27 |    21 |   135 |   360 |   553 ||  1096

Levels and vault maps discovered:
D:1:      ncdulo_smallfort, layout_basic, chequers_big_river
D:2:      layout_loops_ring, chequers_temple_overflow_statue_of_worship,
          chequers_ecumenical_altar_simple, uniq_crazy_yiuf_cottage,
          uniq_sigmund, uniq_terence
D:3:      layout_loops_cross, gammafunk_temple_overflow_elements
D:4:      layout_cave_pods, minmay_temple_entry_trees, serial_shops, shop,
          first_ration
D:5:      layout_loops_corners
D:6:      layout_cave_pods, cheibrodos_ashenzari_chains, fiery_altar_vehumet,
          serial_shops, shop, dk_noncrumbling_4, minmay_bent
D:7:      kb_forest_paths, layout_basic, nicolae_overflow_crystal_walls,
          nicolae_overflow_hidden_temple, kennysheep_mini_moat,
          lemuel_coloured_pillars_altar, minmay_misc_feat_four_crosses
D:8:      layout_rooms, hangedman_ranch [blue_anna_fruit_fields],
          hangedman_decor_diamond_cutter, bloody_trog
D:9:      layout_small_grid, elyvilon_altar_3, nicolae_ru_the_path_less_chosen,
          old_standard_altar, kennysheep_orc_monster_closet_entryway
D:10:     wander_river, layout_loops_ring, lair_entry_dummy
D:11:     layout_irregular_city
Temple:   compressed_dpeg_triangle_lava_temple
Lair:1:   layout_roguey, chequers_serial_rivers_small_b
Lair:2:   layout_chaotic_city, minmay_swamp_entry_worms,
          guppyfry_snake_entry_garden, nicolae_volcano_entry_batcave,
          minmay_hedge_maze, uniq_maggie
Lair:3:   layout_chaotic_city, infiniplex_staircase_pool_2,
          serial_bayou_shore_a, uniq_rupert, uniq_prince_ribbit2
Lair:4:   layout_hall_layers, gammafunk_ghost_abyssal_escape,
          grunt_megastairs_2, lemuel_fruit_tree, minmay_lair_oklob_chamber
Lair:5:   minmay_lair_venomous_thicket, layout_misc_corridors, uniq_sonja,
          uniq_snorg
Lair:6:   gammafunk_lair_ancient_temple, layout_gridlike, slime_altar_1

Notes
Turn   | Place    | Note
-------+----------+-------------------------------------------
     0 | D:1      | sanka the Barachi Ice Elementalist began the quest for the
                  | Orb.
     0 | D:1      | Reached XP level 1. HP: 13/13 MP: 3/3
    56 | D:1      | Reached skill level 5 in Ice Magic
    56 | D:1      | Reached XP level 2. HP: 16/19 MP: 0/5
   339 | D:1      | Reached XP level 3. HP: 16/24 MP: 1/7
   345 | D:1      | Learned a level 3 spell: Frozen Ramparts
   505 | D:1      | Reached skill level 3 in Spellcasting
  1268 | D:2      | Found a glowing golden altar of the Shining One.
  1269 | D:2      | Found a hide-covered altar of Uskayaw.
  1271 | D:2      | Noticed an ogre
  1616 | D:2      | Reached skill level 6 in Ice Magic
  1616 | D:2      | Reached XP level 4. HP: 30/30 MP: 3/8
  1753 | D:2      | Noticed Sigmund
  1762 | D:2      | Killed Sigmund
  1762 | D:2      | Reached skill level 8 in Ice Magic
  1762 | D:2      | Reached XP level 5. HP: 30/35 MP: 1/9
  1836 | D:2      | Learned a level 4 spell: Summon Ice Beast
  1845 | D:2      | Found a runed translucent door.
  1846 | D:2      | Noticed Crazy Yiuf
  1890 | D:2      | Killed Crazy Yiuf
  1890 | D:2      | Reached XP level 6. HP: 41/41 MP: 5/10
  2041 | D:2      | Reached skill level 1 in Summonings
  2348 | D:2      | Reached skill level 2 in Summonings
  2415 | D:2      | Learned a level 3 spell: Ozocubu's Armour
  2531 | D:2      | Noticed Terence
  2539 | D:2      | Killed Terence
  2572 | D:2      | Found a faded altar of an unknown god.
  2972 | D:3      | Reached XP level 7. HP: 46/46 MP: 8/12
  3536 | D:3      | Found a shimmering blue altar of Sif Muna.
  3536 | D:3      | Found a sparkling altar of Nemelex Xobeh.
  3664 | D:4      | Found Ihei's Gadget Emporium.
  3810 | D:4      | Reached skill level 4 in Spellcasting
  3810 | D:4      | Reached skill level 3 in Summonings
  4062 | D:4      | Found a staircase to the Ecumenical Temple.
  4072 | Temple   | Entered the Ecumenical Temple
  4896 | D:4      | Reached skill level 4 in Summonings
  5048 | D:5      | Entered Level 5 of the Dungeon
  5169 | D:5      | Reached skill level 9 in Ice Magic
  5351 | D:5      | Reached skill level 5 in Spellcasting
  5351 | D:5      | Reached XP level 8. HP: 41/52 MP: 10/15
  5624 | D:5      | Learned a level 4 spell: Hailstorm
  6380 | D:6      | Found a radiant altar of Vehumet.
  6395 | D:6      | Reached skill level 10 in Ice Magic
  6600 | D:6      | Became a worshipper of Vehumet
  6679 | D:6      | Reached skill level 6 in Spellcasting
  6770 | D:6      | Found a shattered altar of Ashenzari.
  7129 | D:6      | Found Isyoczo's Gadget Shop.
  7330 | D:6      | Reached skill level 1 in Fighting
  7330 | D:6      | Reached XP level 9. HP: 59/59 MP: 13/19
  7348 | D:6      | Reached skill level 2 in Fighting
  7348 | D:6      | Reached skill level 3 in Dodging
  7790 | D:7      | Reached skill level 3 in Fighting
  7790 | D:7      | Reached skill level 7 in Spellcasting
  8043 | D:7      | Reached skill level 4 in Dodging
  8054 | D:7      | Reached * piety under Vehumet
  8054 | D:7      | Offered knowledge of Foxfire by Vehumet.
  8119 | D:7      | Found an iron altar of Okawaru.
  8155 | D:7      | Found a shimmering altar of Xom.
  8428 | D:7      | Reached skill level 4 in Fighting
  8440 | D:7      | Reached skill level 11 in Ice Magic
  8883 | D:7      | Reached skill level 5 in Dodging
  8957 | D:7      | Found a stormy altar of Qazlal.
  8969 | D:7      | Reached skill level 5 in Fighting
  9559 | D:7      | Reached XP level 10. HP: 58/76 MP: 17/21
  9660 | D:7      | Found a bloodstained altar of Trog.
  9821 | D:8      | Reached skill level 6 in Fighting
  9821 | D:8      | Reached skill level 6 in Dodging
  9891 | D:8      | Noticed a two-headed ogre
  9914 | D:8      | Killed a two-headed ogre
  9986 | D:8      | Found a bloodstained altar of Trog.
 10241 | D:8      | Noticed a three-headed hydra
 10247 | D:8      | Offered knowledge of Searing Ray by Vehumet.
 10253 | D:8      | Killed a three-headed hydra
 10253 | D:8      | Reached ** piety under Vehumet
 10253 | D:8      | Reached skill level 7 in Fighting
 10253 | D:8      | Reached skill level 7 in Dodging
 10253 | D:8      | Reached skill level 8 in Spellcasting
 10270 | D:8      | Reached skill level 8 in Fighting
 10779 | D:9      | HP: 5/80 [something (6)]
 10779 | D:9      | HP: 1/80 [something (4)]
 11279 | D:9      | Reached skill level 8 in Dodging
 11279 | D:9      | Reached skill level 1 in Conjurations
 11528 | D:9      | Found a staircase to the Orcish Mines.
 11551 | D:9      | Reached skill level 12 in Ice Magic
 11551 | D:9      | Reached XP level 11. HP: 87/87 MP: 17/23
 11555 | D:9      | Reached skill level 9 in Fighting
 11555 | D:9      | Reached skill level 2 in Conjurations
 11558 | D:9      | Offered knowledge of Inner Flame by Vehumet.
 11768 | D:9      | Found a sacrificial altar of Ru.
 12031 | D:9      | Reached *** piety under Vehumet
 12173 | D:9      | Found a white marble altar of Elyvilon.
 12251 | D:9      | Found a basalt altar of Yredelemnul.
 12338 | D:10     | Entered Level 10 of the Dungeon
 12404 | D:10     | Reached skill level 9 in Dodging
 12420 | D:10     | Offered knowledge of Ignite Poison by Vehumet.
 12561 | D:10     | Reached skill level 3 in Conjurations
 12804 | D:10     | Found a staircase to the Lair.
 12854 | D:10     | Reached skill level 10 in Fighting
 13062 | D:10     | Noticed a manticore
 13062 | D:10     | a wind drake changed into a manticore
 13068 | D:10     | a manticore changed into a water nymph
 13078 | D:10     | Reached **** piety under Vehumet
 13820 | D:11     | Offered knowledge of Iskenderun's Mystic Blast by Vehumet.
 13820 | D:11     | Reached skill level 4 in Conjurations
 13932 | D:11     | Noticed a manticore
 13941 | D:11     | Killed a manticore
 13941 | D:11     | Reached skill level 10 in Dodging
 14440 | D:11     | Reached skill level 11 in Fighting
 14769 | D:11     | Noticed a green ugly thing
 14778 | D:11     | Killed a green ugly thing
 14848 | D:11     | Noticed a two-headed ogre
 14856 | D:11     | Killed a two-headed ogre
 14856 | D:11     | Reached XP level 12. HP: 100/100 MP: 2/24
 15159 | Lair:1   | Entered Level 1 of the Lair of Beasts
 15251 | Lair:1   | Reached skill level 11 in Dodging
 16094 | Lair:2   | Identified +1 steam dragon scales
 16094 | Lair:2   | Noticed Maggie
 16123 | Lair:2   | Killed Maggie
 16123 | Lair:2   | Reached skill level 12 in Fighting
 16392 | Lair:2   | Reached skill level 1 in Staves
 16437 | Lair:2   | Reached skill level 1 in Evocations
 16447 | Lair:2   | Reached skill level 2 in Staves
 16548 | Lair:2   | Found a dark tunnel.
 16563 | Volcano  | Entered a volcano
 16814 | Volcano  | Reached skill level 3 in Staves
 16814 | Volcano  | Reached skill level 2 in Evocations
 17700 | Volcano  | Noticed a stone giant
 17713 | Volcano  | Killed a stone giant
 17713 | Volcano  | Reached skill level 4 in Staves
 17922 | Volcano  | Found a burning altar of Makhleb.
 17968 | Volcano  | Found a burning altar of Makhleb.
 18021 | Lair:2   | Found a staircase to the Snake Pit.
 18030 | Lair:2   | Reached skill level 3 in Evocations
 18072 | Lair:2   | Noticed a catoblepas
 18079 | Lair:2   | Killed a catoblepas
 18285 | Lair:2   | Reached skill level 5 in Staves
 18488 | Lair:2   | Noticed a four-headed hydra
 18499 | Lair:2   | Killed a four-headed hydra
 18499 | Lair:2   | Gained mutation: You can hop long distances. [Barachi
                  | growth]
 18499 | Lair:2   | Reached XP level 13. HP: 92/109 MP: 20/25
 18580 | Lair:2   | Found a staircase to the Swamp.
 19066 | Lair:3   | Noticed Rupert
 19082 | Lair:3   | Reached skill level 4 in Evocations
 19084 | Lair:3   | Killed Rupert
 19084 | Lair:3   | Reached skill level 6 in Staves
 19084 | Lair:3   | Reached skill level 12 in Dodging
 19084 | Lair:3   | Reached skill level 13 in Ice Magic
 19438 | Lair:3   | Noticed Prince Ribbit
 19446 | Lair:3   | Killed Prince Ribbit
 20139 | Lair:3   | Reached ***** piety under Vehumet
 20139 | Lair:3   | Reached skill level 13 in Fighting
 20139 | Lair:3   | Reached skill level 7 in Staves
 20429 | Lair:4   | Reached skill level 5 in Evocations
 20697 | Lair:4   | Offered knowledge of Sticky Flame by Vehumet.
 20822 | Lair:4   | Found a transporter.
 21393 | Lair:4   | Found a transporter.
 21401 | Lair:4   | Found the +8 demon trident "Rift" {distort, reach+}
 21538 | Lair:4   | Noticed Libuhoy's ghost (journeyman DEFE)
 21792 | Lair:4   | Reached skill level 8 in Staves
 22229 | Lair:4   | Found a one-way gate to the infinite horrors of the Abyss.
 22239 | Lair:4   | Killed Libuhoy's ghost
 22806 | Lair:5   | Reached skill level 9 in Staves
 22806 | Lair:5   | Reached XP level 14. HP: 118/118 MP: 14/26
 22997 | Lair:5   | Noticed Snorg
 23014 | Lair:5   | HP: 8/118 [Snorg (4)]
 23608 | Lair:5   | Killed Snorg
 23912 | Lair:5   | Noticed Sonja
 23914 | Lair:5   | Killed Sonja
 24586 | Lair:6   | Entered Level 6 of the Lair of Beasts
 24600 | Lair:6   | Reached skill level 14 in Ice Magic
 24607 | Lair:6   | Reached skill level 13 in Dodging
 24892 | Lair:6   | Reached skill level 10 in Staves
 24987 | Lair:6   | Paralysed by a hornet for 2 turns
 25283 | Lair:6   | Reached skill level 14 in Fighting
 26254 | Lair:6   | Reached skill level 11 in Staves
 26325 | Lair:6   | HP: 10/120 [elephant (3)]
 26327 | Lair:6   | Demolished by a komodo dragon

Vanquished Creatures
  A stone giant (Volcano)
  The ghost of Libuhoy the Arsonist, a journeyman DEFE of Vehumet (Lair:4)
  4 hydras
  A catoblepas (Lair:2)
  An alligator (shapeshifter) (Lair:4)
  A two-headed ogre (D:11)
  Sonja (Lair:5)
  2 harpies (Lair:6)
  A lindwurm (Lair:3)
  2 oklob plants (Lair:4)
  A manticore (D:11)
  2 ugly things
  A worldbinder (Lair:4)
  20 elephants
  4 black mambas
  3 torpor snails
  8 komodo dragons
  9 spiny frogs
  7 rime drakes
  Maggie (Lair:2)
  A kobold demonologist (D:11)
  An efreet (Volcano)
  A hellwing (Lair:4)
  3 trolls
  A meliai (D:10)
  2 tyrant leeches (Lair:2)
  17 blink frogs
  5 hornets
  Prince Ribbit (Lair:3)
  2 dream sheep (D:8)
  6 hippogriffs
  A vampire (D:9)
  Sigmund (D:2)
  6 wyverns
  14 yaks
  A spriggan (Lair:4)
  3 fire elementals (Volcano)
  9 fire bats
  3 basilisks
  2 nagas (Lair:2)
  9 water moccasins
  8 porcupines
  7 orc warriors
  A black bear (D:7)
  An ice beast (D:5)
  2 phantoms
  5 sky beasts
  An eye of draining (D:10)
  11 ogres
  10 wolves
  5 centaurs
  8 crocodiles
  11 big kobolds
  15 bullfrogs
  2 earth elementals (Volcano)
  2 gnoll sergeants (D:9)
  3 scorpions
  A wyvern skeleton (D:7)
  A water moccasin skeleton (D:10)
  6 killer bees (D:11)
  8 wights
  An electric eel (Lair:3)
  6 lava snakes (Volcano)
  3 crimson imps
  A jelly (D:11)
  Crazy Yiuf (D:2)
  3 orc priests
  3 centaur skeletons
  7 hounds
  6 orc wizards
  A bullfrog skeleton (D:11)
  6 iguanas
  4 hell rats (Lair:4)
  12 worker ants
  Terence (D:2)
  A killer bee zombie (D:8)
  A hound skeleton (D:9)
  A howler monkey zombie (D:11)
  A worker ant zombie (D:5)
  9 gnolls
  18 adders
  3 shadow imps
  2 oozes
  An adder skeleton (D:5)
  5 worms
  2 dart slugs
  7 leopard geckos
  35 orcs
  9 bats
  3 giant cockroaches
  8 goblins
  8 hobgoblins
  12 jackals
  4 quokkas
  3 ball pythons
  3 frilled lizards
  A jackal skeleton (D:4)
  15 kobolds
  A quokka skeleton (D:5)
  5 rats
  3 fungi
  3 plants
487 creatures vanquished.

Vanquished Creatures (collateral kills)
  Rupert (Lair:3)
  Snorg (Lair:5)
  A two-headed ogre (D:8)
  2 oklob plants (Lair:4)
  4 elephants
  A water nymph (shapeshifter) (D:10)
  A rime drake (Lair:6)
  A komodo dragon (Lair:3)
  2 blink frogs (Lair:5)
  2 hungry ghosts
  An ogre (D:10)
  An orc (D:10)
  A plant (Lair:4)
19 creatures vanquished.

Vanquished Creatures (others)
  3 orcs (D:6)
  20 fungi
  24 plants
47 creatures vanquished.

Grand Total: 553 creatures vanquished
